 Dungeon Sprint DCSS version 0.27-a0-93-g19769c27d7 (webtiles) character file.

Game seed: 6975423618076699891

1799 rocky1 the Cleaver (level 9, -3/107 HPs)
             Began as an Ogre Gladiator on Jan 17, 2021.
             Was a Priest of Okawaru.
             Slain by a deep troll (14 damage)
             ... in the Dungeon (Sprint VII: "The Pits").
             The game lasted 00:05:19 (1887 turns).

rocky1 the Cleaver (Ogre Gladiator)                 Turns: 1887, Time: 00:05:20

Health: -3/107     AC:  5    Str: 23    XL:     9   Next: 9%
Magic:  12/12      EV: 19    Int:  9    God:    Okawaru [***...]
Gold:   0          SH:  0    Dex: 10    Spells: 8/8 levels left

rFire    . . .     SeeInvis .   s - +2 war axe (freeze)
rCold    . . .     Faith    .   (no shield)
rNeg     . . .     Spirit   .   a - +0 troll leather armour {Purgy}
rPois    .         Reflect  .   c - +0 hat
rElec    .         Harm     .   (no cloak)
rCorr    .         Rampage  .   (gloves unavailable)
Will     .....     NoTele   +   (boots unavailable)
Stlth    +.........             (no amulet)
HPRegen  0.67/turn              g - +3 ring of evasion
MPRegen  0.13/turn              i - +3 ring of evasion

@: no status effects
A: large, unfitting armour, tough skin 1
a: Renounce Religion, Heroism


You were in the Dungeon.
You worshipped Okawaru.
Okawaru was most pleased with you.
You visited 1 branch

Inventory:

Hand Weapons
 r - a +2 morningstar of protection
 s - a +2 war axe of freezing (weapon)
Missiles
 d - 3 throwing nets (quivered)
Armour
 a - a +0 troll leather armour (worn) {Purgy}
 c - a +0 hat (worn)
Jewellery
 g - a +3 ring of evasion (left hand)
 i - a +3 ring of evasion (right hand)
Scrolls
 j - a scroll of blinking
 l - 3 scrolls of remove curse
 m - 5 scrolls of amnesia
 n - a scroll of summoning
Potions
 e - 8 potions of curing
 f - 6 potions of heal wounds
 h - 4 potions of magic
 k - a potion of invisibility
 q - 2 potions of berserk rage


   Skills:
 + Level 12.3 Fighting
 * Level 12.8 Axes
 - Level 2.0 Throwing
 + Level 4.5 Armour
 + Level 9.2 Dodging
 + Level 4.9 Invocations


You had 8 spell levels left.
You didn't know any spells.
Your spell library was empty.

Dungeon Overview and Level Annotations

Branches:
Dungeon (1/1)

Altars:
Ashenzari
Cheibriados
Dithmenos
Elyvilon
Fedhas
Gozag
Hepliaklqana
Kikubaaqudgha
Makhleb
Nemelex Xobeh
Okawaru
Qazlal
Ru
Sif Muna
Trog
Uskayaw
Vehumet
Wu Jian
Xom
Yredelemnul
Zin
The Shining One
Beogh
Jiyva
Lugonu


Innate Abilities, Weirdness & Mutations

You are too large for most types of armour.
You have tough skin. (AC +1)


Message History

* * * LOW HITPOINT WARNING * * *
You feel much better. The deep troll misses you.
The deep troll barely misses you. The deep troll claws you!
* * * LOW HITPOINT WARNING * * *
You feel much better. The deep troll closely misses you.
The deep troll misses you. The deep troll claws you!
* * * LOW HITPOINT WARNING * * *
You hit the deep troll. You freeze the deep troll.
The deep troll is almost dead.
The deep troll misses you. x2; The deep troll claws you!
* * * LOW HITPOINT WARNING * * *
Unknown command.
You feel much better. The deep troll bites you!
* * * LOW HITPOINT WARNING * * *
The deep troll barely misses you. The deep troll closely misses you.
Unknown command.
You barely miss the deep troll.
The deep troll is almost dead.
The deep troll bites you!
You die...

############ #_________.#
#_________.#
#_______...###########++####
##########'##...............
#.?(.')))'.##......#..#.....
##########.##...............
#..........@T...............
#'#####'#####......#..#.....
#.#..#..#..##...............
#.#..'..#))#####'#####++####
#.#..####))##.......#
#.#..#..#.)##.......#
#)#..#..#[[##.......#
#)##'#).#'###...<...#
#)#........##.......#


You could see a deep troll.

Vanquished Creatures
  A lindwurm (D)
  A flying skull (D)
  A wyvern (D)
  3 yaks (D)
  Purgy (D)
  An ogre (D)
  A centaur (D)
  A gnoll sergeant (D)
  2 gnoll shamans (D)
  2 adders (D)
  13 gnolls (D)
  A river rat (D)
  An ooze (D)
  A worm (D)
  A leopard gecko (D)
  4 orcs (D)
  A giant cockroach (D)
  A hobgoblin (D)
  3 jackals (D)
  A ball python (D)
41 creatures vanquished.

Notes
Turn   | Place    | Note
-------+----------+-------------------------------------------
     0 | D        | rocky1 the Ogre Gladiator began the quest for the Orb.
     0 | D        | Reached XP level 1. HP: 22/22 MP: 1/1
   185 | D        | Found a bloodstained altar of Trog.
   185 | D        | Found a shimmering blue altar of Sif Muna.
   185 | D        | Found a viscous altar of Jiyva.
   185 | D        | Found a hazy altar of Hepliaklqana.
   185 | D        | Found an opulent altar of Gozag.
   186 | D        | Found a glowing golden altar of the Shining One.
   186 | D        | Found a glowing silver altar of Zin.
   186 | D        | Found a basalt altar of Yredelemnul.
   186 | D        | Found a shimmering altar of Xom.
   186 | D        | Found an ornate altar of the Wu Jian Council.
   186 | D        | Found a sacrificial altar of Ru.
   186 | D        | Found a stormy altar of Qazlal.
   186 | D        | Found an iron altar of Okawaru.
   186 | D        | Found a sparkling altar of Nemelex Xobeh.
   186 | D        | Found a burning altar of Makhleb.
   186 | D        | Found a blossoming altar of Fedhas.
   186 | D        | Found a white marble altar of Elyvilon.
   186 | D        | Found a shadowy altar of Dithmenos.
   186 | D        | Found a snail-covered altar of Cheibriados.
   188 | D        | Found a radiant altar of Vehumet.
   188 | D        | Found a corrupted altar of Lugonu.
   188 | D        | Found a roughly hewn altar of Beogh.
   189 | D        | Found a hide-covered altar of Uskayaw.
   189 | D        | Found an ancient bone altar of Kikubaaqudgha.
   189 | D        | Found a broken altar of Ashenzari.
   196 | D        | Became a worshipper of Warmaster Okawaru
   228 | D        | Reached XP level 2. HP: 30/32 MP: 2/2
   242 | D        | Reached skill level 5 in Fighting
   242 | D        | Reached XP level 3. HP: 3/42 MP: 3/3
   243 | D        | HP: 2/42 [poisoned by an adder]
   712 | D        | Noticed a gnoll sergeant
   713 | D        | Noticed an ogre
   720 | D        | Reached skill level 5 in Axes
   725 | D        | Reached XP level 4. HP: 52/52 MP: 4/4
   728 | D        | Killed an ogre
   729 | D        | Reached skill level 5 in Dodging
   729 | D        | Reached XP level 5. HP: 62/62 MP: 5/5
   744 | D        | Reached * piety under Okawaru
   751 | D        | Reached XP level 6. HP: 27/74 MP: 6/6
   760 | D        | HP: 3/75 [gnoll/+0 club (10)]
  1060 | D        | Noticed Purgy
  1067 | D        | Killed Purgy
  1068 | D        | Reached skill level 10 in Fighting
  1068 | D        | Reached skill level 10 in Axes
  1068 | D        | Reached XP level 7. HP: 85/85 MP: 7/7
  1228 | D        | Noticed a wyvern
  1237 | D        | HP: 2/85 [wyvern (3)]
  1243 | D        | Killed a wyvern
  1243 | D        | Reached ** piety under Okawaru
  1244 | D        | Reached skill level 1 in Armour
  1571 | D        | Noticed a flying skull
  1571 | D        | Noticed a yak
  1571 | D        | Noticed a yak
  1571 | D        | Noticed a yak
  1571 | D        | Noticed a lindwurm
  1578 | D        | Killed a yak
  1579 | D        | Reached skill level 1 in Invocations
  1579 | D        | Reached XP level 8. HP: 79/97 MP: 5/9
  1582 | D        | Killed a flying skull
  1585 | D        | Killed a yak
  1590 | D        | Killed a yak
  1594 | D        | Killed a lindwurm
  1594 | D        | Reached *** piety under Okawaru
  1595 | D        | Reached XP level 9. HP: 107/107 MP: 6/12
  1846 | D        | Noticed a deep troll
  1846 | D        | Noticed an orange demon
  1882 | D        | HP: 4/107 [deep troll (9)]
  1887 | D        | Slain by a deep troll

Illustrated notes

Levels and vault maps discovered:
D:        pitsprint [storerooms_1, entrance_room_1, metal_vault_3, armoury_1,
          mini_pit_1, grid_room_1, main_hall_1, silver_pit, the_coven_3,
          the_vestibule_1, steel_vault_2, golden_pit, hallway_of_sentries,
          crystal_vault_1, iron_vault_1, final_vault]

Skill      XL: |  1  2  3  4  5  6  7  8 |
---------------+-------------------------+-----
Fighting       | 4 5 6 7 8 10 11 12 | 12.3
Dodging        | 3 4 5 6 7 8 9 |  9.2
Axes           | 4 5 7 8 10 11 12 | 12.8
Armour         | 2 4 |  4.5
Invocations    | 1 4 |  4.9
Throwing       | |  2.0

Action                   |  1- 3 |  4- 6 |  7- 9 || total
-------------------------+-------+-------+-------++-------
Melee: War axe           |    37 |       |    13 ||    50
       Hand axe          |     5 |    72 |    44 ||   121
       Punch             |       |       |     1 ||     1
Invok: Heroism           |       |       |     1 ||     1
  Use: Potion            |     1 |     6 |     6 ||    13
 Stab: Invisible         |       |     7 |       ||     7
Armor: Robe              |     9 |     7 |       ||    16
       Troll leather arm |       |       |     6 ||     6
Dodge: Dodged            |    23 |    24 |    36 ||    83

Table legend: (Time is in decaauts)
 A = Elapsed time spent in this place.
 B = Non-inter-level travel time spent in this place.
 C = Inter-level travel time spent in this place.
 D = Time resting spent in this place.
 E = Time spent auto-exploring this place.
 F = Levels seen in this place.
 G = Mean time per level.
                   A        B        C        D        E       F      G
               +--------+--------+--------+--------+--------+-----+--------+
         Total |   1889 |   1889 |      0 |   1382 |      0 |   1 | 1889.0 |
       Dungeon |   1889 |   1889 |      0 |   1382 |      0 |   1 | 1889.0 |
               +--------+--------+--------+--------+--------+-----+--------+

Top non-repeatable levels by time:
       D: 1889 daAuts
